[Event "ICC tourney 1969 (45 10)"]
[Site "Internet Chess Club"]
[Date "2020.08.23"]
[Round "7"]
[White "adelie"]
[Black "Luc2008"]
[Result "1-0"]
[ICCResult "Black resigns"]
[WhiteElo "1940"]
[BlackElo "1588"]
[Opening "Réti opening"]
[ECO "A30"]
[NIC "QP.10"]
[Time "16:02:08"]
[TimeControl "2700+10"]

1. Nf3 c5 2. c4 Nf6 3. g3 g6 4. Bg2 Bg7 5. O-O O-O 6. d4 cxd4 7. Nxd4 d6 8.
Nc3 Nc6 9. Nc2 Be6 10. Ne3 Nd7 11. Bd2 Rc8 12. Rc1 Nde5 13. b3 Qd7 14. Ncd5
Bh3 15. Bc3 Bxg2 16. Kxg2 Ng4 17. Nxg4 Qxg4 18. f3 Qd7 19. e4 Bxc3 20. Rxc3
Kg7 21. Rd3 e6 22. Ne3 Rfd8 23. Qa1+ f6 24. Ng4 Qe7 25. Rfd1 Ne5 26. Nxe5
dxe5 27. Qc3 Rxd3 28. Qxd3 Rc7 29. Kf1 f5 30. Ke2 h5 31. Qc3 Qf6 32. Qa5 b6
33. Qb5 g5 34. Rd7+ Rxd7 35. Qxd7+ Kh6 36. Qxa7 fxe4 37. fxe4 g4 38. Qxb6
Qf3+ 39. Kd2 Qg2+ 40. Kc3 Qxe4 41. Qxe6+ Kg7 42. Qd7+ Kg6 43. Qd3 Kf5 44.
Qxe4+ Kxe4 45. c5 Kd5 46. Kd3 Kxc5 47. Ke4 h4 48. gxh4 g3 49. hxg3
{Black resigns}
1-0

[Event "ICC tourney 1969 (45 10)"]
[Site "Internet Chess Club"]
[Date "2020.08.23"]
[Round "7"]
[White "blueeagle405"]
[Black "ramennoodle"]
[Result "0-1"]
[ICCResult "White resigns"]
[WhiteElo "1969"]
[BlackElo "1933"]
[Opening "Nimzo-Indian: 4.e3"]
[ECO "E40"]
[NIC "NI.17"]
[Time "16:02:04"]
[TimeControl "2700+10"]

1. d4 Nf6 2. c4 e6 3. Nc3 Bb4 4. e3 Kf8 5. Bd3 g6 6. Ne2 Kg7 7. O-O c5 8. a3
Bxc3 9. Nxc3 cxd4 10. exd4 d5 11. Bg5 Nc6 12. cxd5 exd5 13. Bc2 h6 14. Bh4
g5 15. Bg3 Be6 16. Kh1 Qd7 17. f4 Bg4 18. Qd3 Ne4 19. Rae1 Bf5 20. Bb3 Nf2+
{White resigns}
0-1

[Event "ICC tourney 1969 (45 10)"]
[Site "Internet Chess Club"]
[Date "2020.08.23"]
[Round "7"]
[White "chessforme17"]
[Black "town"]
[Result "0-1"]
[ICCResult "White checkmated"]
[WhiteElo "1941"]
[BlackElo "2132"]
[Opening "Sicilian: Kan variation"]
[ECO "B41"]
[NIC "SI.41"]
[Time "16:02:03"]
[TimeControl "2700+10"]

1. e4 c5 2. Nf3 e6 3. d4 cxd4 4. Nxd4 a6 5. g3 Nf6 6. Bg2 Nc6 7. O-O Qc7 8.
Nc3 Be7 9. Be3 d6 10. h3 O-O 11. Qd2 Bd7 12. a4 Rac8 13. Nde2 Ne5 14. b3 b5
15. axb5 axb5 16. Ra7 Qb8 17. f4 Nc6 18. Raa1 b4 19. Na4 Qb5 20. Nb6 Rb8 21.
Nxd7 Nxd7 22. e5 Rfd8 23. exd6 Nf6 24. Nd4 Nxd4 25. Bxd4 Rxd6 26. Qf2 Rxd4
27. Qxd4 Bc5 28. Qf2 Bxf2+ 29. Rxf2 h5 30. Kh2 Qc5 31. Re2 Rd8 32. Rae1 Qd4
33. Bf3 h4 34. Kg2 hxg3 35. Kxg3 Nd5 36. Re4 Qf6 37. R1e2 Nc3 38. Rxb4 Nxe2+
39. Bxe2 Qc3+ 40. Bf3 Qxb4 41. f5 Qe1+ 42. Kg4 Rd3 43. cxd3 e5 44. b4 Qg1+
45. Kh4 f6 46. Bg4 Qf2+ 47. Kh5 Qf4 48. Kh4 Kh7 49. b5 Kh6 50. b6 Qf2#
{White checkmated}
0-1

[Event "ICC tourney 1969 (45 10)"]
[Site "Internet Chess Club"]
[Date "2020.08.23"]
[Round "7"]
[White "stgummadi"]
[Black "sakethdesu"]
[Result "1-0"]
[ICCResult "Black checkmated"]
[WhiteElo "1414"]
[BlackElo "866"]
[Opening "Scotch game"]
[ECO "C45"]
[NIC "SO.04"]
[Time "16:02:01"]
[TimeControl "2700+10"]

1. e4 e5 2. Nf3 Nc6 3. d4 exd4 4. Nxd4 Qf6 5. Be3 Bc5 6. c3 Nge7 7. Bd3 O-O
8. O-O d5 9. exd5 Nxd5 10. Nxc6 Nxe3 11. fxe3 Bxe3+ 12. Kh1 Qxc6 13. Qh5 g6
14. Qe5 Re8 15. Qg3 h5 16. Na3 b5 17. Rfe1 Bb7 18. Bxb5 Bf4 19. Bxc6 Bxg3
20. Bxb7 Rxe1+ 21. Rxe1 Rb8 22. hxg3 Rxb7 23. b3 Kg7 24. Re7 Kf6 25. Re3 c5
26. Kg1 Rb6 27. Kf2 Ra6 28. Nc4 Rxa2+ 29. Re2 Rxe2+ 30. Kxe2 Kf5 31. Kf3 a6
32. Nd6+ Kf6 33. Nb7 Kg5 34. Nxc5 h4 35. gxh4+ Kxh4 36. Nxa6 f5 37. b4 g5
38. b5 g4+ 39. Kf2 f4 40. b6 g3+ 41. Kf3 Kg5 42. b7 Kf5 43. b8=Q Kg5 44.
Qxf4+ Kh5 45. Qg4+ Kh6 46. Kf4 Kh7 47. Kf5 Kh8 48. Kf6 Kh7 49. Qg7#
{Black checkmated}
1-0

[Event "ICC tourney 1969 (45 10)"]
[Site "Internet Chess Club"]
[Date "2020.08.23"]
[Round "7"]
[White "Chris0708"]
[Black "carahsu08"]
[Result "0-1"]
[ICCResult "White checkmated"]
[WhiteElo "1257"]
[BlackElo "1738"]
[Opening "KP: Patzer opening"]
[ECO "C20"]
[NIC "KP.10"]
[Time "16:02:02"]
[TimeControl "2700+10"]

1. e4 e5 2. Qh5 Nc6 3. Bc4 g6 4. Qf3 Nf6 5. Ne2 Bg7 6. d3 d6 7. h3 O-O 8.
Bg5 Nb4 9. Bxf6 Qxf6 10. Qxf6 Bxf6 11. Kd2 Bg5+ 12. Kd1 Kg7 13. a3 Nc6 14.
Nbc3 f5 15. Rf1 Bd7 16. f3 Ne7 17. Ng3 c6 18. Ke2 Bh4 19. Nh1 b5 20. Bb3 a5
21. g3 Bf6 22. h4 h6 23. Nd1 g5 24. hxg5 hxg5 25. Ne3 f4 26. gxf4 exf4 27.
Nd1 d5 28. c3 dxe4 29. dxe4 Bh3 30. Rg1 Ng6 31. Ndf2 Bd7 32. Nd3 Rh8 33.
Nhf2 a4 34. Ba2 Rae8 35. Rh1 Ne5 36. Rad1 Rxh1 37. Rxh1 Be6 38. Bb1 Bc4 39.
Bc2 Rd8 40. Rd1 Be7 41. Ke1 Nxf3+ 42. Kf1 Ne5 43. Kg2 Nxd3 44. Nxd3 Bb3 45.
Bxb3 axb3 46. Nf2 Rxd1 47. Nxd1 g4 48. Nf2 g3 49. Nh3 Bxa3 50. Nxf4 Bxb2 51.
Kxg3 Bxc3 52. Ne2 b4 53. Nxc3 bxc3 54. e5 Kf7 55. Kf3 b2 56. Ke4 b1=Q+ 57.
Kd4 Qb4+ 58. Kd3 Ke6 59. Kc2 Qb2+ 60. Kd3 Kxe5 61. Kc4 Qb5+ 62. Kxc3 Ke4 63.
Kd2 Qd3+ 64. Ke1 Kf4 65. Kf2 Qf3+ 66. Ke1 c5 67. Kd2 c4 68. Kc2 Qb3+ 69. Kd2
c3+ 70. Ke2 Qb2+ 71. Kd3 c2 72. Ke2 c1=Q+ 73. Kd3 Qbd2# {White checkmated}
0-1

[Event "ICC tourney 1969 (45 10)"]
[Site "Internet Chess Club"]
[Date "2020.08.23"]
[Round "7"]
[White "Jeffchess"]
[Black "Priccchess"]
[Result "0-1"]
[ICCResult "White resigns"]
[WhiteElo "1365"]
[BlackElo "1779"]
[Opening "Philidor's defense"]
[ECO "C41"]
[NIC "KP.10"]
[Time "16:01:53"]
[TimeControl "2700+10"]

1. e4 e5 2. Nf3 d6 3. Nc3 Nf6 4. d4 exd4 5. Qxd4 Be7 6. Bg5 O-O 7. O-O-O a6
8. Nd5 Nxd5 9. Qxd5 Nc6 10. Bxe7 Qxe7 11. Bd3 h6 12. Nd4 Nxd4 13. Qxd4 b5
14. c4 bxc4 15. Bxc4 Be6 16. Bxe6 fxe6 17. Kb1 Rab8 18. Rd2 Qd7 19. Rhd1 Qb5
20. f3 Rfd8 21. Qd3 Qb6 22. Qc4 d5 23. Qc3 c6 24. Qe5 Re8 25. Qd6 Rbd8 26.
Qa3 d4 27. Rc1 Qc7 28. Qxa6 Qxh2 29. Rxc6 e5 30. Rc1 Qf4 31. Qd3 Rb8 32. b3
Kh8 33. g4 Rf8 34. Rf1 Qg3 35. Qe2 Qf4 36. Rd3 Rbc8 37. a4 Rc7 38. Qd2 Qf7
39. Ka2 Rfc8 40. Rf2 Qe7 41. f4 Rc1 42. Kb2 exf4 43. Qxf4 Qb4 44. Qxc1 Rxc1
45. Kxc1 Qe1+ 46. Rd1 Qxf2 47. Rd2 Qe1+ 48. Kc2 Qxe4+ 49. Rd3 Qe2+ 50. Rd2
Qxg4 51. b4 Qf5+ 52. Rd3 Qd5 53. a5 Qc4+ 54. Kd2 Qxb4+ 55. Ke2 Qxa5 56. Rxd4
h5 57. Ke3 Qe1+ 58. Kd3 h4 59. Re4 Qf1+ 60. Ke3 h3 61. Rf4 Qxf4+ 62. Kxf4 h2
63. Kg3 h1=Q 64. Kg4 Qd5 65. Kg3 Qe4 66. Kh2 Qf3 67. Kg1 Qe2 68. Kh1 g5 69.
Kg1 g4 70. Kh1 g3 71. Kg1 Qf2+ {White resigns} 0-1

[Event "ICC tourney 1969 (45 10)"]
[Site "Internet Chess Club"]
[Date "2020.08.23"]
[Round "7"]
[White "varsat"]
[Black "Andy0507"]
[Result "1/2-1/2"]
[ICCResult "Game drawn by mutual agreement"]
[WhiteElo "1909"]
[BlackElo "2315"]
[Opening "Giuoco Piano"]
[ECO "C54"]
[NIC "IG.02"]
[Time "16:02:01"]
[TimeControl "2700+10"]

1. e4 e5 2. Nf3 Nc6 3. Bc4 Bc5 4. c3 Nf6 5. d4 exd4 6. cxd4 Bb4+ 7. Bd2
Bxd2+ 8. Nbxd2 d5 9. exd5 Ne7 10. Qb3 O-O 11. O-O Nexd5 12. Rfe1 Nb6 13.
Rac1 Nxc4 14. Qxc4 c6 15. a3 Be6 16. Qd3 Qb6 17. b4 Rfd8 18. Rcd1 h6 19. Nc4
Qc7 20. Nfe5 Nd5 21. Qg3 f6 22. Nd3 Qxg3 23. hxg3 Nc3 24. Rc1 Bxc4 25. Rxc3
Rxd4 26. Nc5 b5 27. Nb7 Kf8 28. Na5 Bd5 29. Nxc6 Rc4 30. Rxc4 bxc4 31. Nd4
Bf7 32. Rc1 Rd8 33. Nc2 Rd3 34. Ne3 Rd4 35. Kf1 Be6 36. Ke2 Rd3
{Game drawn by mutual agreement}
1/2-1/2

[Event "ICC tourney 1969 (45 10)"]
[Site "Internet Chess Club"]
[Date "2020.08.23"]
[Round "7"]
[White "investigator"]
[Black "tricksterssbu"]
[Result "1-0"]
[ICCResult "Black resigns"]
[WhiteElo "2093"]
[BlackElo "1650"]
[Opening "Catalan: closed, main line"]
[ECO "E09"]
[NIC "QI.01"]
[Time "16:02:03"]
[TimeControl "2700+10"]

1. c4 e6 2. Nf3 Nf6 3. d4 d5 4. g3 c6 5. Bg2 Nbd7 6. O-O Be7 7. Qc2 O-O 8.
Nbd2 Qc7 9. e4 dxe4 10. Nxe4 Nxe4 11. Qxe4 Nf6 12. Qc2 c5 13. Bf4 Qb6 14.
Be5 Nd7 15. dxc5 Bxc5 16. Ng5 f5 17. Bc3 Nf6 18. b4 Be7 19. Rad1 Qc7 20. Qe2
Nd5 21. Bxd5 Bxg5 22. Bxe6+ Kh8 23. Bd5 f4 24. Qh5 Bh6 25. Qxh6 {Black
resigns} 1-0

[Event "ICC tourney 1969 (45 10)"]
[Site "Internet Chess Club"]
[Date "2020.08.23"]
[Round "7"]
[White "slolla"]
[Black "SophylacticPlay"]
[Result "1-0"]
[ICCResult "Black checkmated"]
[WhiteElo "1836"]
[BlackElo "2166"]
[Opening "King's Indian: Sämisch, 5...O-O"]
[ECO "E81"]
[NIC "KI.51"]
[Time "16:01:55"]
[TimeControl "2700+10"]

1. d4 Nf6 2. c4 g6 3. Nc3 Bg7 4. e4 d6 5. f3 O-O 6. Bg5 Nbd7 7. Qd2 c5 8. d5
a6 9. Nh3 Qc7 10. Nf2 e6 11. a4 exd5 12. cxd5 Re8 13. Be2 Rb8 14. O-O c4 15.
Rab1 b5 16. axb5 axb5 17. b4 Qb7 18. Ra1 Ne5 19. Be3 Bd7 20. Ra7 Qc8 21. h3
Ra8 22. Rfa1 Rxa7 23. Rxa7 Nh5 24. f4 Nd3 25. Bxh5 gxh5 26. f5 Bxf5 27. exf5
Bxc3 28. Qxc3 Rxe3 29. Nxd3 Rxd3 30. Qf6 Qf8 31. Qg5+ Kh8 32. f6 h6 33. Qxh5
Kg8 34. Ra8 Qxa8 35. Qg4+ Kf8 36. Qg7+ Ke8 37. Qg8+ Kd7 38. Qxa8 c3 39. Qc6+
Kd8 40. Qxd6+ Kc8 41. Qf8+ Kb7 42. Qxf7+ Kb6 43. Qe6+ Ka7 44. Qd7+ Kb6 45.
Qc6+ Ka7 46. f7 c2 47. Qxc2 Rxd5 48. Qc5+ Rxc5 49. bxc5 b4 50. f8=Q b3 51.
Qf3 b2 52. Qb3 b1=Q+ 53. Qxb1 h5 54. c6 Ka6 55. c7 h4 56. c8=Q+ Ka5 57. Qa8#
{Black checkmated}
1-0

[Event "ICC tourney 1969 (45 10)"]
[Site "Internet Chess Club"]
[Date "2020.08.23"]
[Round "7"]
[White "Vish1080"]
[Black "AdityaShiv"]
[Result "1/2-1/2"]
[ICCResult "Game drawn because neither player has mating material"]
[WhiteElo "1668"]
[BlackElo "1942"]
[Opening "English opening: Agincourt variation"]
[ECO "A13"]
[NIC "QP.09"]
[Time "16:02:11"]
[TimeControl "2700+10"]

1. Nf3 d5 2. c4 e6 3. e3 Nf6 4. Nc3 c5 5. d4 Nc6 6. Be2 dxc4 7. Bxc4 cxd4 8.
exd4 Be7 9. O-O O-O 10. Be3 b6 11. Qa4 Bb7 12. Bb5 Nb4 13. a3 Nbd5 14. Nxd5
Nxd5 15. Bc6 Bxc6 16. Qxc6 Qd6 17. Rac1 Qxc6 18. Rxc6 Rfc8 19. Rfc1 Rxc6 20.
Rxc6 Kf8 21. Kf1 Ke8 22. Ke2 Kd8 23. Kd3 Rc8 24. Rxc8+ Kxc8 25. Ne5 f6 26.
Nc6 Nxe3 27. Kxe3 Bd6 28. Nxa7+ Kb7 29. Nb5 Bb8 30. g3 Kc6 31. Nc3 f5 32.
Kd3 b5 33. a4 b4 34. Na2 b3 35. Nb4+ Kd6 36. Kc4 Ba7 37. f4 h6 38. Nd3 g5
39. Nc5 Bb8 40. Nd3 Ba7 41. Ne5 gxf4 42. gxf4 Bb6 43. h4 h5 44. Nd3 Bd8 45.
Ne5 Bxh4 46. a5 Bd8 47. a6 Bb6 48. Nf3 Kc6 49. Kxb3 Kb5 50. Kc3 Kxa6 51. Kc4
Bc7 52. d5 exd5+ 53. Kxd5 Bxf4 54. Ke6 Ka5 55. Kxf5 Bg3 56. Kg5 h4 57. Nxh4
Bxh4+ 58. Kxh4 Kb4 59. Kh5 Kb3 60. Kh6 Kxb2
{Game drawn because neither player has mating material}
1/2-1/2

[Event "ICC tourney 1969 (45 10)"]
[Site "Internet Chess Club"]
[Date "2020.08.23"]
[Round "7"]
[White "Ayushb"]
[Black "VishyNo1"]
[Result "1-0"]
[ICCResult "Black checkmated"]
[WhiteElo "1753"]
[BlackElo "2048"]
[Opening "Two knights defense (Modern bishop's opening)"]
[ECO "C55"]
[NIC "IG.01"]
[Time "16:01:51"]
[TimeControl "2700+10"]

1. e4 e5 2. Nf3 Nc6 3. Bc4 Nf6 4. d3 Be7 5. Nc3 O-O 6. O-O d6 7. h3 Na5 8.
Bb3 Nxb3 9. axb3 Re8 10. Re1 Bf8 11. Bg5 h6 12. Bh4 g5 13. Bg3 Bg7 14. Bh2
g4 15. hxg4 Bxg4 16. Qd2 Bxf3 17. gxf3 Nh5 18. Nd5 Re6 19. Kh1 c6 20. Ne3
Qh4 21. Nf5 Qh3 22. Qe3 Kh7 23. Rg1 d5 24. Rg4 d4 25. Qe2 Bf6 26. Rag1 Nf4
27. Qd1 Qh5 28. R1g3 Bg5 29. Qf1 a5 30. c3 dxc3 31. bxc3 c5 32. Qd1 Rd8 33.
Qf1 Nxd3 34. Qg1 Nb2 35. Rh4 Bxh4 36. Rg7+ Kh8 37. Rh7+ Kxh7 38. Qg7#
{Black checkmated}
1-0

[Event "ICC tourney 1969 (45 10)"]
[Site "Internet Chess Club"]
[Date "2020.08.23"]
[Round "7"]
[White "tcao"]
[Black "Chessking2008"]
[Result "1-0"]
[ICCResult "Black resigns"]
[WhiteElo "1925"]
[BlackElo "2139"]
[Opening "Sicilian: dragon, classical, Réti-Tartakower variation"]
[ECO "B74"]
[NIC "SI.15"]
[Time "16:02:14"]
[TimeControl "2700+10"]

1. e4 c5 2. Nf3 d6 3. d4 cxd4 4. Nxd4 Nf6 5. Nc3 g6 6. Be2 Bg7 7. Be3 O-O 8.
O-O Nc6 9. Nb3 Be6 10. f4 Qc8 11. h3 Rd8 12. g4 d5 13. e5 Ne4 14. Qe1 Nxc3
15. bxc3 f6 16. exf6 Bxf6 17. Rd1 Bf7 18. Nd4 Na5 19. g5 Bg7 20. f5 e5 21.
Bg4 exd4 22. fxg6 Qxc3 23. gxf7+ Kh8 24. Bd2 Qc5 25. Bxa5 d3+ 26. Kh1 dxc2
27. Bxd8 cxd1=Q 28. Qe8+ Qf8 29. Qxf8+ Bxf8 30. Bf6+ Bg7 31. Rxd1 Bxf6 32.
gxf6 {Black resigns} 1-0

[Event "ICC tourney 1969 (45 10)"]
[Site "Internet Chess Club"]
[Date "2020.08.23"]
[Round "7"]
[White "Monkeybomb3605"]
[Black "binomialfactor"]
[Result "1/2-1/2"]
[ICCResult "Game drawn by mutual agreement"]
[WhiteElo "1981"]
[BlackElo "2185"]
[Opening "Sicilian: Pelikan, Chelyabinsk variation"]
[ECO "B33"]
[NIC "SI.37"]
[Time "16:01:54"]
[TimeControl "2700+10"]

1. e4 c5 2. Nf3 Nc6 3. d4 cxd4 4. Nxd4 Nf6 5. Nc3 e5 6. Ndb5 d6 7. Bg5 a6 8.
Na3 b5 9. Nd5 Be7 10. Bxf6 Bxf6 11. c3 Bg5 12. Nc2 Rb8 13. a4 bxa4 14. Ncb4
Nxb4 15. Nxb4 Bb7 16. Qxa4+ Qd7 17. Qxd7+ Kxd7 18. Bxa6 Bxe4 19. O-O Ke7 20.
Bc4 Rhc8 21. Bb3 Ra8 22. Nd5+ Kd8 23. Rfd1 Rxa1 24. Rxa1 Rb8 25. Nb4 Ke8 26.
Ra7 Be7 27. f3 Bb7 28. Ba4+ Kd8 29. Bc6 Kc8 30. Bxb7+ Rxb7 31. Rxb7 Kxb7 32.
Nd5 Bd8 33. c4 Kc6 34. b4 f5 35. Kf2 g6 36. Ke3 h6
{Game drawn by mutual agreement}
1/2-1/2

[Event "ICC tourney 1969 (45 10)"]
[Site "Internet Chess Club"]
[Date "2020.08.23"]
[Round "7"]
[White "creepycrawlies"]
[Black "dzchess01"]
[Result "1-0"]
[ICCResult "Black resigns"]
[WhiteElo "2189"]
[BlackElo "1817"]
[Opening "Nimzo-Indian: classical variation"]
[ECO "E32"]
[NIC "NI.20"]
[Time "16:01:52"]
[TimeControl "2700+10"]

1. d4 Nf6 2. c4 e6 3. Nc3 Bb4 4. Qc2 O-O 5. a3 Bxc3+ 6. Qxc3 b6 7. Bg5 Bb7
8. e3 d6 9. Ne2 Nbd7 10. Qc2 Qe8 11. Nc3 a6 12. f3 e5 13. d5 c6 14. dxc6
Bxc6 15. e4 h6 16. Be3 Qe7 17. Rd1 Rfd8 18. Be2 Rab8 19. Nd5 Bxd5 20. cxd5
Rdc8 21. Qd2 b5 22. O-O Nc5 23. Rc1 Nb3 24. Rxc8+ Rxc8 25. Qb4 Nc5 26. Rc1
Nfd7 27. Qc3 Nb6 28. Qa5 Qb7 29. b4 Ncd7 30. Rc6 Nc4 31. Bxc4 bxc4 32. Qxa6
{Black resigns}
1-0

[Event "ICC tourney 1969 (45 10)"]
[Site "Internet Chess Club"]
[Date "2020.08.23"]
[Round "7"]
[White "riachuvspikachu"]
[Black "AkshatSuresh"]
[Result "1-0"]
[ICCResult "Black checkmated"]
[WhiteElo "1632"]
[BlackElo "1675"]
[Opening "Sicilian: Kan, Maróczy bind (Réti variation)"]
[ECO "B41"]
[NIC "SI.41"]
[Time "16:02:21"]
[TimeControl "2700+10"]

1. e4 c5 2. Nf3 e6 3. d4 cxd4 4. Nxd4 a6 5. c4 Nc6 6. Be3 Qc7 7. Be2 Nf6 8.
f3 Be7 9. O-O O-O 10. a3 d6 11. Nc3 Bd7 12. Qd2 Na5 13. b4 Nxc4 14. Bxc4
Qxc4 15. Nd5 a5 16. Rac1 Qa6 17. Nc7 Qxf1+ 18. Kxf1 Rac8 19. Ndb5 Bc6 20.
Bb6 Rfd8 21. bxa5 h6 22. a4 d5 23. e5 Nd7 24. Qd4 f6 25. f4 Rf8 26. Kg1 Kf7
27. Na7 Rb8 28. Nxc6 bxc6 29. Rxc6 Rfc8 30. Rxe6 Rxb6 31. Rxe7+ Kxe7 32.
axb6 Rb8 33. Nxd5+ Kf7 34. a5 fxe5 35. fxe5 Nxb6 36. Nxb6 Kg8 37. e6 Rc8 38.
Nxc8 Kh8 39. Nd6 Kh7 40. Ne8 Kg6 41. Qxg7+ Kh5 42. Nf6+ Kh4 43. Qg4#
{Black checkmated}
1-0

[Event "ICC tourney 1969 (45 10)"]
[Site "Internet Chess Club"]
[Date "2020.08.23"]
[Round "7"]
[White "spamazing26"]
[Black "Adhvaith0406"]
[Result "1/2-1/2"]
[ICCResult "Game drawn by mutual agreement"]
[WhiteElo "1696"]
[BlackElo "1990"]
[Opening "Queen's Indian: old main line, 6.O-O"]
[ECO "E17"]
[NIC "QI.07"]
[Time "16:02:12"]
[TimeControl "2700+10"]

1. d4 Nf6 2. c4 e6 3. Nf3 b6 4. g3 Bb7 5. Bg2 Be7 6. O-O O-O 7. Re1 d5 8.
Ne5 Nbd7 9. cxd5 exd5 10. Bf4 Nxe5 11. Bxe5 Bd6 12. Nc3 Bxe5 13. dxe5 Ne4
14. Nxe4 dxe4 15. Qc2 f5 16. Rad1 Qe7 17. Qc4+ Kh8 18. f4 Rad8 19. Rxd8 Rxd8
20. Bh3 Bd5 21. Qc2 g6 22. e3 c6 23. a3 h5 24. Bf1 b5 25. h4 Kg8 26. b4 a5
27. Qc3 a4 28. Rc1 Kf7 29. Kf2 Qe6 30. Be2 Ke8 {Game drawn by mutual
agreement} 1/2-1/2

[Event "ICC tourney 1969 (45 10)"]
[Site "Internet Chess Club"]
[Date "2020.08.23"]
[Round "7"]
[White "atult"]
[Black "funplaychess"]
[Result "0-1"]
[ICCResult "White resigns"]
[WhiteElo "1802"]
[BlackElo "2369"]
[Opening "Sicilian: Smith-Morra gambit"]
[ECO "B21"]
[NIC "SI.47"]
[Time "16:01:52"]
[TimeControl "2700+10"]

1. e4 c5 2. d4 cxd4 3. c3 Nf6 4. e5 Nd5 5. Qxd4 e6 6. Nf3 Nc6 7. Qe4 d6 8.
Bc4 dxe5 9. Nxe5 Nxe5 10. Qxe5 Nb6 11. Bb3 Qd6 12. Qxd6 Bxd6 13. Be3 O-O 14.
O-O Rd8 15. Rd1 Bc7 16. Rxd8+ Bxd8 17. Na3 Bd7 18. Rd1 Bc6 19. Nc2 Bc7 20.
Nd4 Be8 21. c4 Rd8 22. c5 Nd5 23. Bg5 Nf6 24. Bxf6 gxf6 25. Ne2 a5 26. Rxd8
Bxd8 27. Nc3 Be7 28. Ba4 Kf8 29. Bxe8 Kxe8 30. Kf1 Bxc5 31. b3 f5 32. Ke2
Kd7 33. f3 Bd4 34. Nb1 Kc6 35. Kd3 Bg1 36. h3 h5 37. Kc4 b5+ 38. Kd3 Kc5 39.
Nc3 Bh2 40. Ne2 Be5 41. Nc1 Kb4 42. Kc2 Ka3 43. Kb1 a4 44. bxa4 Kxa4 45. Nd3
Bd6 46. Kb2 e5 47. Kc2 Ka3 48. Kb1 e4 49. fxe4 fxe4 50. Nc1 f5 51. Nb3 Be5
52. Nd2 Bc3 53. Nf1 f4 54. g4 e3 55. Nh2 e2 56. Nf3 hxg4 57. hxg4 e1=Q+ 58.
Nxe1 Bxe1 59. g5 f3 60. g6 Bc3 {White resigns} 0-1

[Event "ICC tourney 1969 (45 10)"]
[Site "Internet Chess Club"]
[Date "2020.08.23"]
[Round "7"]
[White "serafindelapaz"]
[Black "annameiyappan"]
[Result "0-1"]
[ICCResult "White resigns"]
[WhiteElo "1699"]
[BlackElo "2053"]
[Opening "English: Caro-Kann defensive system"]
[ECO "D11"]
[NIC "EO.64"]
[Time "16:02:00"]
[TimeControl "2700+10"]

1. c4 c6 2. Nf3 Nf6 3. d4 d5 4. Qc2 e6 5. g3 Nbd7 6. Bg2 Bb4+ 7. Bd2 Bxd2+
8. Nbxd2 O-O 9. O-O Qe7 10. e4 dxe4 11. Nxe4 c5 12. Nxc5 Nxc5 13. dxc5 Qxc5
14. Rfd1 Bd7 15. Nd4 Rab8 16. Rd2 Rfc8 17. b3 b5 18. cxb5 Qe5 19. Qd1 Bxb5
20. Nxb5 Qxb5 21. Rc1 Qa5 22. Qe1 g6 23. Rcd1 Kg7 24. Rd4 Qxa2 25. b4 Rc2
26. Rf4 Re2 27. Qc3 Qb2 28. Qxb2 Rxb2 29. Ra1 Rc8 30. h4 Rc7 31. b5 Rxb5 32.
Rfa4 Rb2 33. Bf3 Rcc2 34. Rf1 Ra2 35. Ra1 Rxa1+ 36. Rxa1 Rc7 37. Kf1 Nd5 38.
Bxd5 exd5 39. Ra5 Rd7 40. Ke2 Kf6 41. g4 Ke5 42. Ke3 f5 43. f4+ Ke6 44. g5
Kd6 45. Kd4 Kc6 46. Ra6+ Kb5 47. Rf6 a5 48. h5 gxh5 49. Rh6 a4 50. Rxh5 a3
51. Kc3 d4+ 52. Kb3 d3 53. Rh1 d2 54. Rd1 Rd3+ 55. Kc2 Kc4 56. Kb1 Kb3
{White resigns}
0-1

[Event "ICC tourney 1969 (45 10)"]
[Site "Internet Chess Club"]
[Date "2020.08.23"]
[Round "7"]
[White "Rohanius"]
[Black "CoolBruhO"]
[Result "1-0"]
[ICCResult "Black checkmated"]
[WhiteElo "1640"]
[BlackElo "1267"]
[Opening "Petrov's defense"]
[ECO "C42"]
[NIC "RG.03"]
[Time "16:02:02"]
[TimeControl "2700+10"]

1. e4 e5 2. Nf3 Nf6 3. Nxe5 Nc6 4. Nxc6 dxc6 5. Nc3 Bc5 6. Be2 Bxf2+ 7. Kxf2
Qd4+ 8. Kf1 b5 9. Bf3 h5 10. h3 Be6 11. d3 a6 12. Qe1 Qd7 13. Qe3 O-O 14.
Qg5 Nh7 15. Qxh5 f5 16. Qh4 fxe4 17. Nxe4 Bd5 18. Kg1 Rae8 19. Qg4 Qf5 20.
Qxf5 Rxf5 21. Bd2 Ref8 22. Ba5 Rc8 23. Bg4 Rff8 24. Bxc8 Rxc8 25. Kh2 Nf8
26. Rhf1 Ne6 27. Rae1 Nd4 28. c3 Ne6 29. b3 Nf8 30. c4 Bf7 31. Rf2 Ne6 32.
Bc3 bxc4 33. dxc4 Rf8 34. Ng3 g6 35. Ne4 Rd8 36. Ref1 Be8 37. Nf6+ Kg7 38.
Nxe8+ Kh6 39. Nf6 c5 40. Ng4+ Kh5 41. Nf6+ Kh6 42. Re1 Ng5 43. Bd2 Rxd2 44.
Rxd2 c6 45. Ng4+ Kh5 46. Re5 a5 47. Rxc5 a4 48. Rxg5+ Kxg5 49. bxa4 c5 50.
a5 Kh5 51. Rd5+ g5 52. Rxc5 Kh4 53. g3+ Kh5 54. a6 Kg6 55. a7 Kh5 56. a8=Q
Kg6 57. Qa6+ Kh5 58. Qh6# {Black checkmated} 1-0

[Event "ICC tourney 1969 (45 10)"]
[Site "Internet Chess Club"]
[Date "2020.08.23"]
[Round "7"]
[White "vyomvidy"]
[Black "laksa"]
[Result "1-0"]
[ICCResult "Black checkmated"]
[WhiteElo "2252"]
[BlackElo "2147"]
[Opening "Queen's pawn: Chigorin variation"]
[ECO "D00"]
[NIC "VO.15"]
[Time "16:02:03"]
[TimeControl "2700+10"]

1. Nc3 d5 2. d4 Nf6 3. Bf4 e6 4. e3 Bb4 5. Bd3 c5 6. dxc5 Nbd7 7. Nf3 Nxc5
8. O-O O-O 9. Ne2 Bd7 10. a3 Nxd3 11. cxd3 Be7 12. Qb3 Nh5 13. Be5 f6 14.
Bc3 g5 15. Nfd4 Ng7 16. e4 dxe4 17. dxe4 Qe8 18. Qxb7 e5 19. Qd5+ Kh8 20.
Nc2 Bc6 21. Qd3 Ne6 22. Bb4 Bb5 23. Qf3 g4 24. Qe3 Nf4 25. Nxf4 exf4 26.
Qxf4 Bxf1 27. Rxf1 Bxb4 28. Nxb4 Qg6 29. Nd5 Rae8 30. Re1 Re5 31. b4 Kg7 32.
Qe3 Qf7 33. Rc1 Rd8 34. Qf4 Rd7 35. Qxg4+ Rg5 36. Qf3 Qe6 37. h4 Re5 38.
Qg3+ Kf7 39. Rc8 Rdxd5 40. Qg8+ Ke7 41. Qf8+ Kd7 42. Qd8# {Black checkmated}
1-0

[Event "ICC tourney 1969 (45 10)"]
[Site "Internet Chess Club"]
[Date "2020.08.23"]
[Round "7"]
[White "avats"]
[Black "davika21"]
[Result "1-0"]
[ICCResult "Black resigns"]
[WhiteElo "1605"]
[BlackElo "1858"]
[Opening "Hungarian defense"]
[ECO "C50"]
[NIC "IG.03"]
[Time "16:02:01"]
[TimeControl "2700+10"]

1. e4 e5 2. Nf3 Nc6 3. Bc4 Be7 4. d3 Nf6 5. O-O O-O 6. Nc3 d6 7. h3 Be6 8.
Bb3 d5 9. exd5 Nxd5 10. Nxd5 Bxd5 11. Bxd5 Qxd5 12. Re1 f6 13. Bd2 Rad8 14.
Bc3 Bc5 15. Qe2 Ne7 16. a3 Qd7 17. Rad1 Nd5 18. Bd2 Rfe8 19. Qf1 c6 20. Bc1
Qf5 21. Re2 Nf4 22. Bxf4 Qxf4 23. Re4 Qf5 24. Rde1 Qh5 25. Qe2 Bd6 26. d4 f5
27. Nxe5 Qxe2 28. R4xe2 Bc7 29. c3 Rd5 30. Nd3 Rxe2 31. Rxe2 Kf7 32. Ne5+
Bxe5 33. dxe5 Ke6 34. f4 h6 35. g4 fxg4 36. hxg4 g6 37. Kf2 Rd3 38. Re3 Rd2+
39. Kf3 Rxb2 40. f5+ gxf5 41. gxf5+ Ke7 42. e6 Rb1 43. f6+ Ke8 44. Ke4 Rd1
45. Rd3 Re1+ 46. Kf5 Rf1+ 47. Kg6 Rg1+ 48. Kh7 Rf1 49. Kg6 Rg1+ 50. Kf5 Rg5+
51. Ke4 Rg4+ 52. Ke5 Rg5+ 53. Kd6 Rg6 54. f7+ Kf8 55. Kd7 Kg7 56. Rf3
{Black resigns}
1-0